NWL (28 & UNDER)
MENLO MANIACS @ RED DEER WRANGLERS
08/13/2024
 
TOP OF THE 1ST
Menlo Maniacs batting - Pitching for Red Deer Wranglers : RHP William Bryant
Pitching: RHP William Bryant
Batting: RHB Tom Meyer 0-0: Foul Ball, location: 2F
0-1: Called Strike
0-2: SINGLE (Groundball, 4)
Batting: RHB Steve Sampson 0-0: Foul Ball, location: 2F
0-1: Called Strike
0-2: Foul Ball, location: 2F
0-2: Ball
1-2: Ball
2-2: Hit by Pitch
Tom Meyer to second
Batting: LHB Roger Moore 0-0: Foul Ball, location: 2F
0-1: Fielders Choice at 2nd, 5-4 (Groundball, 56)
Tom Meyer to third
Batting: LHB Marcos Pérez 0-0: 3-RUN HOME RUN (Flyball, 8RXD), Distance : 422 ft
Batting: RHB Dani Torres 0-0: Ball
1-0: Reached on error, E5 (Groundball, 5L)
Batting: LHB Paul Alexander 0-0: Called Strike
0-1: Swinging Strike
0-2: Strikes out swinging
Batting: LHB Pedro Rodríguez 0-0: Foul Ball, location: 2F
0-1: Ball
1-1: Swinging Strike
1-2: Foul Ball, location: 2F
1-2: Ground out 4-3 (Groundball, 4)
Top of the 1st over - 3 run(s), 2 hit(s), 1 error(s), 1 left on base; Menlo 3 - Red Deer 0
BOTTOM OF THE 1ST
Red Deer Wranglers batting - Pitching for Menlo Maniacs : RHP Manny Maldonado
Pitching: RHP Manny Maldonado
Batting: LHB Enrico Vargas 0-0: Ball
1-0: Ball
2-0: Ball
3-0: Base on Balls
Batting: RHB Paul Swift 0-0: Ball
1-0: Ball
2-0: Called Strike
2-1: Swinging Strike
2-2: Ball
3-2: Fly out, F9 (Flyball, 89S)
Batting: LHB Del Kennedy 0-0: Called Strike
0-1: Fly out, F2 (Popup, 2LF)
Batting: RHB Orlando Núñes 0-0: Called Strike
0-1: Ball
1-1: Ball
2-1: Foul Ball, location: 2F
2-2: Fly out, F8 (Flyball, 8RS)
Bottom of the 1st over - 0 run(s), 0 hit(s), 0 error(s), 1 left on base; Menlo 3 - Red Deer 0
TOP OF THE 2ND
Menlo Maniacs batting - Pitching for Red Deer Wranglers : RHP William Bryant
Batting: RHB Jesús Cuevas 0-0: Called Strike
0-1: Foul Ball, location: 2F
0-2: Ball
1-2: Foul Ball, location: 2F
1-2: Fly out, F8 (Flyball, 8LS)
Batting: SHB António Trinidad 0-0: Ground out 3-1 (Groundball, 34S)
Batting: RHB Tom Meyer 0-0: Called Strike
0-1: Called Strike
0-2: Fly out, F7 (Flyball, 78S)
Top of the 2nd over - 0 run(s), 0 hit(s), 0 error(s), 0 left on base; Menlo 3 - Red Deer 0
BOTTOM OF THE 2ND
Red Deer Wranglers batting - Pitching for Menlo Maniacs : RHP Manny Maldonado
Batting: RHB Carlos Peña 0-0: Fly out, F8 (Flyball, 8RM)
Batting: LHB Jorge Olvera 0-0: Called Strike
0-1: Swinging Strike
0-2: Ball
1-2: Strikes out swinging
Batting: LHB Greg Nelson 0-0: Ball
1-0: Called Strike
1-1: Foul Ball, location: 2F
1-2: Ground out 1-3 (Groundball, 13S)
Bottom of the 2nd over - 0 run(s), 0 hit(s), 0 error(s), 0 left on base; Menlo 3 - Red Deer 0
TOP OF THE 3RD
Menlo Maniacs batting - Pitching for Red Deer Wranglers : RHP William Bryant
Batting: RHB Steve Sampson 0-0: Foul Ball, location: 2F
0-1: Ball
1-1: Foul Ball, location: 2F
1-2: Ball
2-2: Strikes out swinging
Batting: LHB Roger Moore 0-0: Foul Ball, location: 2F
0-1: Fly out, F5 (Popup, 5F)
Batting: LHB Marcos Pérez 0-0: Swinging Strike
0-1: Swinging Strike
0-2: Ball
1-2: Strikes out swinging
Top of the 3rd over - 0 run(s), 0 hit(s), 0 error(s), 0 left on base; Menlo 3 - Red Deer 0
BOTTOM OF THE 3RD
Red Deer Wranglers batting - Pitching for Menlo Maniacs : RHP Manny Maldonado
Batting: RHB John McDonald 0-0: Fly out, F4 (Line Drive, 4)
Batting: RHB Oliver Harris 0-0: Called Strike
0-1: Ball
1-1: Fly out, F8 (Flyball, 8LXD)
Batting: LHB Enrico Vargas 0-0: Called Strike
0-1: Called Strike
0-2: Foul Ball, location: 2F
0-2: Foul Ball, location: 2F
0-2: Strikes out swinging
Bottom of the 3rd over - 0 run(s), 0 hit(s), 0 error(s), 0 left on base; Menlo 3 - Red Deer 0
TOP OF THE 4TH
Menlo Maniacs batting - Pitching for Red Deer Wranglers : RHP William Bryant
Batting: RHB Dani Torres 0-0: DOUBLE (Line Drive, 7LM)
Batting: LHB Paul Alexander 0-0: Called Strike
0-1: Ball
1-1: Called Strike
1-2: Foul Ball, location: 2F
1-2: Ball
2-2: Fly out, F8 (Line Drive, 8RM)
Batting: LHB Pedro Rodríguez 0-0: Ball
1-0: Ball
2-0: Ball
3-0: Called Strike
3-1: SINGLE (Groundball, 4MD)
Dani Torres to third
Batting: RHB Jesús Cuevas 0-0: Called Strike
Pedro Rodríguez is caught stealing 2nd base
0-1: Ball
1-1: Ball
2-1: 2-RUN HOME RUN (Flyball, 7LD), Distance : 310 ft
Batting: SHB António Trinidad 0-0: Ball
1-0: Called Strike
1-1: Fly out, F7 (Flyball, 78M)
Top of the 4th over - 2 run(s), 3 hit(s), 0 error(s), 0 left on base; Menlo 5 - Red Deer 0
BOTTOM OF THE 4TH
Red Deer Wranglers batting - Pitching for Menlo Maniacs : RHP Manny Maldonado
Batting: RHB Paul Swift 0-0: Ball
1-0: Ground out 5-3 (Groundball, 5L)
Batting: LHB Del Kennedy 0-0: Called Strike
0-1: Swinging Strike
0-2: Ball
1-2: Fly out, F4 (Popup, 4M)
Batting: RHB Orlando Núñes 0-0: Ball
1-0: Ball
2-0: Swinging Strike
2-1: Fly out, F3 (Popup, 3L)
Bottom of the 4th over - 0 run(s), 0 hit(s), 0 error(s), 0 left on base; Menlo 5 - Red Deer 0
TOP OF THE 5TH
Menlo Maniacs batting - Pitching for Red Deer Wranglers : RHP William Bryant
Batting: RHB Tom Meyer 0-0: Ball
1-0: Called Strike
1-1: Ball
2-1: Fly out, F9 (Flyball, 9D)
Batting: RHB Steve Sampson 0-0: Foul Ball, location: 2F
0-1: Reached on error, E6 (Groundball, 6)
Batting: LHB Roger Moore 0-0: Ball
1-0: Ball
2-0: DOUBLE (Groundball, 3L)
Steve Sampson to third
Batting: LHB Marcos Pérez 0-0: Ball
1-0: Ball
2-0: Ball
3-0: Ground out 4-3 (Groundball, 4)
Steve Sampson scores
Roger Moore to third
Batting: RHB Dani Torres 0-0: Ground out 5-3 (Groundball, 5L)
Top of the 5th over - 1 run(s), 1 hit(s), 1 error(s), 1 left on base; Menlo 6 - Red Deer 0
BOTTOM OF THE 5TH
Red Deer Wranglers batting - Pitching for Menlo Maniacs : RHP Manny Maldonado
Batting: RHB Carlos Peña 0-0: Ball
1-0: Foul Ball, location: 2F
1-1: Foul Ball, location: 2F
1-2: Ball
2-2: Strikes out swinging
Batting: LHB Jorge Olvera 0-0: Ball
1-0: Swinging Strike
1-1: Called Strike
1-2: Strikes out swinging
Batting: LHB Greg Nelson 0-0: Ball
1-0: Called Strike
1-1: Foul Ball, location: 2F
1-2: Foul Ball, location: 2F
1-2: Ball
2-2: Strikes out swinging
Bottom of the 5th over - 0 run(s), 0 hit(s), 0 error(s), 0 left on base; Menlo 6 - Red Deer 0
TOP OF THE 6TH
Menlo Maniacs batting - Pitching for Red Deer Wranglers : RHP William Bryant
Batting: LHB Paul Alexander 0-0: Swinging Strike
0-1: Ball
1-1: Ball
2-1: Ball
3-1: Base on Balls
Batting: LHB Pedro Rodríguez 0-0: Foul Ball, location: 2F
0-1: Ball
1-1: Ball
2-1: Fly out, F9 (Line Drive, 9M)
Batting: RHB Jesús Cuevas 0-0: Called Strike
0-1: Ball
1-1: Ground out 5-3 (Groundball, 56S)
Paul Alexander to second
Batting: SHB António Trinidad 0-0: Called Strike
0-1: Ball
1-1: Ball
2-1: SINGLE (Flyball, 8LS)
Paul Alexander to third
Runner from 3rd tries for Home, SAFE, no throw or cutoff
Batting: RHB Tom Meyer 0-0: Ball
1-0: Ball
2-0: Ball
3-0: Called Strike
3-1: DOUBLE (Line Drive, 7LS)
António Trinidad to third
Pitching: RHP Jeffery Lockhart
Batting: RHB Steve Sampson 0-0: Fly out, F9 (Flyball, 9LD)
Top of the 6th over - 1 run(s), 2 hit(s), 0 error(s), 2 left on base; Menlo 7 - Red Deer 0
BOTTOM OF THE 6TH
Red Deer Wranglers batting - Pitching for Menlo Maniacs : RHP Manny Maldonado
Batting: RHB John McDonald 0-0: Swinging Strike
0-1: Called Strike
0-2: Ground out 4-3 (Groundball, 4)
Batting: RHB Oliver Harris 0-0: Ball
1-0: Fly out, F4 (Popup, 4MD)
Batting: LHB Enrico Vargas 0-0: DOUBLE (Line Drive, 3L)
Batting: RHB Paul Swift 0-0: Ball
1-0: Called Strike
1-1: Swinging Strike
1-2: Ball
2-2: Strikes out swinging
Bottom of the 6th over - 0 run(s), 1 hit(s), 0 error(s), 1 left on base; Menlo 7 - Red Deer 0
TOP OF THE 7TH
Menlo Maniacs batting - Pitching for Red Deer Wranglers : RHP Jeffery Lockhart
Batting: LHB Roger Moore 0-0: Ground out 5-3 (Groundball, 5S)
Batting: LHB Marcos Pérez 0-0: Foul Ball, location: 2F
0-1: Ball
1-1: Ball
2-1: Ball
3-1: Foul Ball, location: 2F
3-2: Foul Ball, location: 2F
3-2: Base on Balls
Batting: RHB Dani Torres 0-0: Called Strike
0-1: Called Strike
0-2: Ball
1-2: Ball
2-2: Strikes out looking
Batting: LHB Paul Alexander 0-0: Ball
1-0: Called Strike
1-1: Ground out U3 (Groundball, 3)
Top of the 7th over - 0 run(s), 0 hit(s), 0 error(s), 1 left on base; Menlo 7 - Red Deer 0
BOTTOM OF THE 7TH
Red Deer Wranglers batting - Pitching for Menlo Maniacs : RHP Manny Maldonado
Batting: LHB Del Kennedy 0-0: Ball
1-0: Ball
2-0: Called Strike
2-1: SINGLE (Flyball, 89S)
Batting: RHB Orlando Núñes 0-0: Called Strike
0-1: Fly out, F7 (Flyball, 7S)
Batting: RHB Carlos Peña 0-0: Foul Ball, location: 2F
0-1: Ball
1-1: Foul Ball, location: 2F
1-2: Ball
2-2: SINGLE (Line Drive, 8RS)
Del Kennedy to second
Batting: LHB Jorge Olvera 0-0: Called Strike
Del Kennedy is caught stealing 3rd base
Carlos Peña to second
0-1: Foul Ball, location: 2F
0-2: Strikes out looking
Bottom of the 7th over - 0 run(s), 2 hit(s), 0 error(s), 1 left on base; Menlo 7 - Red Deer 0
TOP OF THE 8TH
Menlo Maniacs batting - Pitching for Red Deer Wranglers : RHP Jeffery Lockhart
Batting: LHB Pedro Rodríguez 0-0: SINGLE (Line Drive, 78S)
Batting: RHB Jesús Cuevas 0-0: Sac Bunt - play at first, batter safe!
Pedro Rodríguez to second
Batting: SHB António Trinidad 0-0: Called Strike
Pedro Rodríguez steals 3rd base
Jesús Cuevas to second
0-1: Ball
1-1: Ground out 6-3 (Groundball, 6M)
Pedro Rodríguez scores
Jesús Cuevas to third
Pinch Hitting: RHB Bob Campbell 0-0: Ball
1-0: Called Strike
1-1: Foul Ball, location: 2F
1-2: Strikes out swinging
Batting: RHB Steve Sampson 0-0: Ball
1-0: Ball
2-0: Swinging Strike
2-1: Foul Ball, location: 2F
2-2: Ball
3-2: Base on Balls
Batting: LHB Roger Moore 0-0: Called Strike
0-1: Called Strike
0-2: Ball
1-2: Strikes out swinging
Top of the 8th over - 1 run(s), 2 hit(s), 0 error(s), 2 left on base; Menlo 8 - Red Deer 0
BOTTOM OF THE 8TH
Red Deer Wranglers batting - Pitching for Menlo Maniacs : RHP Manny Maldonado
Now at 2B: Ron McCoy
Batting: LHB Greg Nelson 0-0: Called Strike
0-1: Foul Ball, location: 2F
0-2: Fly out, F5 (Popup, 5L)
Batting: RHB John McDonald 0-0: Ball
1-0: SINGLE (Flyball, 8RS)
Batting: RHB Oliver Harris 0-0: Ball
1-0: SINGLE (Line Drive, 56D)
John McDonald to second
Batting: LHB Enrico Vargas 0-0: Ball
1-0: Ball
2-0: Called Strike
2-1: DOUBLE (Line Drive, 9LM)
John McDonald scores
Oliver Harris to third
Pitching: RHP Steve Standard
Batting: RHB Paul Swift 0-0: Foul Ball, location: 2F
0-1: Ball
1-1: Foul Ball, location: 2F
1-2: Foul Ball, location: 2F
1-2: Ground out 4-3 (Groundball, 4M)
Oliver Harris scores
Enrico Vargas to third
Batting: LHB Del Kennedy 0-0: Ball
1-0: SINGLE (Line Drive, 9LS)
Enrico Vargas scores
Batting: RHB Orlando Núñes 0-0: Ball
1-0: Ball
2-0: Called Strike
2-1: Called Strike
2-2: Foul Ball, location: 2F
2-2: Strikes out looking
Bottom of the 8th over - 3 run(s), 4 hit(s), 0 error(s), 1 left on base; Menlo 8 - Red Deer 3
TOP OF THE 9TH
Menlo Maniacs batting - Pitching for Red Deer Wranglers : RHP Jeffery Lockhart
Pitching: RHP Esteban Castro
Batting: LHB Marcos Pérez 0-0: Called Strike
0-1: Ball
1-1: SINGLE (Line Drive, 8RS)
Batting: RHB Dani Torres 0-0: Ball
1-0: Swinging Strike
1-1: Fly out, F4 (Popup, 4)
Batting: LHB Paul Alexander Pickoff Throw to First - Out!
0-0: Ball
1-0: Ball
2-0: Foul Ball, location: 2F
2-1: Ground out 4-3 (Groundball, 34D)
Top of the 9th over - 0 run(s), 1 hit(s), 0 error(s), 0 left on base; Menlo 8 - Red Deer 3
BOTTOM OF THE 9TH
Red Deer Wranglers batting - Pitching for Menlo Maniacs : RHP Steve Standard
Now in CF: Jim Weaver
Batting: RHB Carlos Peña 0-0: Reached on Error, E7 (Flyball, 7D)
Batting: LHB Jorge Olvera 0-0: Ball
1-0: Ball
2-0: Called Strike
2-1: Ball
3-1: Foul Ball, location: 2F
3-2: Strikes out swinging
Carlos Peña is caught stealing 2nd base
Batter strikes out.
Batting: LHB Greg Nelson 0-0: Ball
1-0: Swinging Strike
1-1: Ball
2-1: Ball
3-1: Swinging Strike
3-2: Foul Ball, location: 2F
3-2: Foul Ball, location: 2F
3-2: Foul Ball, location: 2F
3-2: Strikes out looking
Bottom of the 9th over - 0 run(s), 0 hit(s), 1 error(s), 0 left on base; Menlo 8 - Red Deer 3
This league is powered by Out of the Park Baseball, the baseball management simulation game for PC, Mac and Linux
Saturday, April 9th, 2016 - OOTP Baseball 16.8 Build 38